3L
BROOKLYN DODGERS @ HOUSTON 1837 BBC
09/25/2038
 
TOP OF THE 1ST
Brooklyn Dodgers batting - Pitching for Houston 1837 BBC : RHP Ean Somoza
Pitching: RHP Ean Somoza
Batting: LHB Count Dante 0-0: Foul Ball, location: 2F
0-1: Ball
1-1: Ball
2-1: Ball
3-1: Base on Balls
Batting: RHB Bill Chaundler 0-0: Ball
1-0: Ball
2-0: Swinging Strike
2-1: Foul Ball, location: 2F
2-2: Fly out, F8 (Line Drive, 8LM, EV 88.8 MPH)
Batting: LHB Aaron Day 0-0: SINGLE (Line Drive, 7LS, EV 95.6 MPH)
Count Dante to second
Batting: LHB Tony Wonder 0-0: Foul Ball, location: 2F
0-1: Ball
1-1: Foul Ball, location: 2F
1-2: Strikes out swinging
Batting: SHB Peer van Lochem 0-0: Reached via error on a dropped throw from 1B, E1 (Groundball, 3S, EV 65.6 MPH)
Count Dante to third
Aaron Day to second
Batting: RHB Carlos Muñóz 0-0: Called Strike
0-1: Ball
1-1: Ball
2-1: Called Strike
2-2: Foul Ball, location: 2F
2-2: Fly out, F9 (Flyball, 89S, EV 92.5 MPH)
Top of the 1st over - 0 runs, 1 hit, 1 error, 3 left on base; Brooklyn 0 - Houston 0
BOTTOM OF THE 1ST
Houston 1837 BBC batting - Pitching for Brooklyn Dodgers : LHP Markus Widner
Pitching: LHP Markus Widner
Batting: RHB Krystof Melichar 0-0: Called Strike
0-1: Fly out, F8 (Flyball, 8LD, EV 95.6 MPH)
Batting: RHB Adam Smith 0-0: Foul Ball, location: 2F
0-1: Ground out 1-3 (Groundball, 13S, EV 68.1 MPH)
Batting: LHB Javier Seco 0-0: Reached via error on a dropped throw from 2B, E3 (Groundball, 34D, EV 102.5 MPH)
Batting: RHB Joey Trifone 0-0: Ball
1-0: Ball
2-0: DOUBLE (Flyball, 8LXD, EV 108.1 MPH)
Javier Seco to third
Runner from 3rd tries for Home, SAFE, throw by CF to home
Batting: RHB Min-gook Ch'oe 0-0: Ball
1-0: Called Strike
1-1: Foul Ball, location: 2F
1-2: Strikes out swinging
Bottom of the 1st over - 1 run, 1 hit, 1 error, 1 left on base; Brooklyn 0 - Houston 1
TOP OF THE 2ND
Brooklyn Dodgers batting - Pitching for Houston 1837 BBC : RHP Ean Somoza
Batting: LHB Hugh Hill 0-0: Ground out 5-3 (Groundball, 56, EV 108.1 MPH)
Batting: RHB Cooper Lowe 0-0: Ball
1-0: Ground out 5-3 (Groundball, 56, EV 85.0 MPH)
Batting: RHB Olaf Esveld 0-0: Called Strike
0-1: Foul Ball, location: 2F
0-2: Ball
1-2: Ball
2-2: Strikes out swinging
Top of the 2nd over - 0 runs, 0 hits, 0 errors, 0 left on base; Brooklyn 0 - Houston 1
BOTTOM OF THE 2ND
Houston 1837 BBC batting - Pitching for Brooklyn Dodgers : LHP Markus Widner
Batting: SHB José Pinto 0-0: Ball
1-0: Called Strike
1-1: Called Strike
1-2: Ball
2-2: Fly out, F5 (Line Drive, 5, EV 71.9 MPH)
Batting: RHB Jesús Recesvinto 0-0: Called Strike
0-1: Fly out, F7 (Flyball, 7LS, EV 82.5 MPH)
Batting: LHB Bill Dixon 0-0: Ball
1-0: Called Strike
1-1: Foul Ball, location: 2F
1-2: Strikes out looking
Bottom of the 2nd over - 0 runs, 0 hits, 0 errors, 0 left on base; Brooklyn 0 - Houston 1
TOP OF THE 3RD
Brooklyn Dodgers batting - Pitching for Houston 1837 BBC : RHP Ean Somoza
Batting: LHB Count Dante 0-0: Called Strike
0-1: Ball
1-1: Swinging Strike
1-2: Strikes out swinging
Batting: RHB Bill Chaundler 0-0: Ball
1-0: Called Strike
1-1: Ball
2-1: Ball
3-1: Foul Ball, location: 2F
3-2: Base on Balls
Batting: LHB Aaron Day 0-0: Foul Ball, location: 2F
0-1: Fielders Choice at 2nd, 1-4 (Groundball, 15, EV 90.6 MPH)
Batting: LHB Tony Wonder 0-0: Ball
1-0: Called Strike
1-1: Swinging Strike
1-2: Foul Ball, location: 2F
1-2: Foul Ball, location: 2F
1-2: Ball
2-2: Strikes out swinging
Top of the 3rd over - 0 runs, 0 hits, 0 errors, 1 left on base; Brooklyn 0 - Houston 1
BOTTOM OF THE 3RD
Houston 1837 BBC batting - Pitching for Brooklyn Dodgers : LHP Markus Widner
Batting: SHB Francisco Enríquez 0-0: Called Strike
0-1: Ball
1-1: Called Strike
1-2: Strikes out swinging
Batting: RHB Krystof Melichar 0-0: Foul Ball, location: 2F
0-1: Ground out 5-3 (Groundball, 56S, EV 91.9 MPH)
Batting: RHB Adam Smith 0-0: Ground out 5-3 (Groundball, 56S, EV 79.4 MPH)
Bottom of the 3rd over - 0 runs, 0 hits, 0 errors, 0 left on base; Brooklyn 0 - Houston 1
TOP OF THE 4TH
Brooklyn Dodgers batting - Pitching for Houston 1837 BBC : RHP Ean Somoza
Batting: SHB Peer van Lochem 0-0: Fly out, F8 (Flyball, 8RXD, EV 93.1 MPH)
Batting: RHB Carlos Muñóz 0-0: Ball
1-0: Ball
2-0: Ball
3-0: Base on Balls
Batting: LHB Hugh Hill 0-0: Swinging Strike
0-1: Swinging Strike
0-2: Ball
1-2: Ball
2-2: Foul Ball, location: 2F
2-2: Fielders Choice at 2nd, 4-6 (Groundball, 4, EV 100.0 MPH)
Batting: RHB Cooper Lowe 0-0: Ball
1-0: Ball
2-0: 2-RUN HOME RUN (Flyball, 7D, EV 102.5 MPH), Distance : 398 ft
Batting: RHB Olaf Esveld 0-0: Called Strike
0-1: Foul Ball, location: 2F
0-2: Fly out, F9 (Line Drive, 9, EV 95.6 MPH)
Top of the 4th over - 2 runs, 1 hit, 0 errors, 0 left on base; Brooklyn 2 - Houston 1
BOTTOM OF THE 4TH
Houston 1837 BBC batting - Pitching for Brooklyn Dodgers : LHP Markus Widner
Batting: LHB Javier Seco 0-0: Called Strike
0-1: Foul Ball, location: 2F
0-2: Ball
1-2: Ground out 2-3 (Groundball, 13S, EV 72.5 MPH)
Batting: RHB Joey Trifone 0-0: Called Strike
0-1: Fly out, F9 (Line Drive, 9, EV 96.2 MPH)
Batting: RHB Min-gook Ch'oe 0-0: Ball
1-0: Ball
2-0: Ground out 4-3 (Groundball, 4, EV 88.8 MPH)
Bottom of the 4th over - 0 runs, 0 hits, 0 errors, 0 left on base; Brooklyn 2 - Houston 1
TOP OF THE 5TH
Brooklyn Dodgers batting - Pitching for Houston 1837 BBC : RHP Ean Somoza
Batting: LHB Count Dante 0-0: Ball
1-0: Ball
2-0: Called Strike
2-1: Foul Ball, location: 2F
2-2: Ball
3-2: Base on Balls
Batting: RHB Bill Chaundler 0-0: Bunted foul
0-1: Sac Bunt to 23 - play at first, batter OUT! 3-4
Count Dante to second
Batting: LHB Aaron Day 0-0: Ball
1-0: 2-RUN HOME RUN (Flyball, 9D, EV 103.1 MPH), Distance : 392 ft
Batting: LHB Tony Wonder 0-0: Ball
1-0: Called Strike
1-1: SOLO HOME RUN (Flyball, 89XD, EV 97.5 MPH), Distance : 445 ft
Pitching: RHP Millard Smith
Batting: SHB Peer van Lochem 0-0: Called Strike
0-1: Ball
1-1: Ball
2-1: Foul Ball, location: 2F
2-2: Strikes out swinging
Batting: RHB Carlos Muñóz 0-0: Ball
1-0: Ball
2-0: Called Strike
2-1: Swinging Strike
2-2: Strikes out looking
Top of the 5th over - 3 runs, 2 hits, 0 errors, 0 left on base; Brooklyn 5 - Houston 1
BOTTOM OF THE 5TH
Houston 1837 BBC batting - Pitching for Brooklyn Dodgers : LHP Markus Widner
Batting: SHB José Pinto 0-0: Ball
1-0: Ball
2-0: Ball
3-0: Base on Balls
Batting: RHB Jesús Recesvinto 0-0: Called Strike
0-1: Swinging Strike
0-2: Ball
1-2: Grounds into double play, 5-4-3 (Groundball, 56, EV 100.6 MPH)
Batting: LHB Bill Dixon 0-0: Ball
1-0: Ball
2-0: Called Strike
2-1: Swinging Strike
2-2: Foul Ball, location: 2F
2-2: Foul Ball, location: 2F
2-2: Ball
3-2: Strikes out swinging
Bottom of the 5th over - 0 runs, 0 hits, 0 errors, 0 left on base; Brooklyn 5 - Houston 1
TOP OF THE 6TH
Brooklyn Dodgers batting - Pitching for Houston 1837 BBC : RHP Millard Smith
Batting: LHB Hugh Hill 0-0: Ball
1-0: Ball
2-0: Ground out 6-3 (Groundball, 6, EV 100.6 MPH)
Batting: RHB Cooper Lowe 0-0: SINGLE (Groundball, 56D, EV 104.4 MPH)
Batting: RHB Olaf Esveld 0-0: Foul Ball, location: 2F
0-1: Ball
1-1: Called Strike
1-2: Ball
2-2: SINGLE (Groundball, 4MD, EV 103.1 MPH)
Cooper Lowe to second
Runner from 2nd tries for 3rd, SAFE, throw by CF made to third
Batting: LHB Count Dante 0-0: Ball
1-0: Ball
2-0: Called Strike
2-1: Ball
3-1: Base on Balls
Olaf Esveld to second
Batting: RHB Bill Chaundler 0-0: Foul Ball, location: 2F
0-1: Ball
1-1: Ball
2-1: Fly out, F9 (Flyball, 9LM, EV 104.4 MPH)
Runner from 3rd tags up, SCORES, no throw by RF
Batting: LHB Aaron Day 0-0: Ball
Wild Pitch!
Olaf Esveld to third
Count Dante to second
1-0: Ground out 4-3 (Groundball, 4, EV 90.6 MPH)
Top of the 6th over - 1 run, 2 hits, 0 errors, 2 left on base; Brooklyn 6 - Houston 1
BOTTOM OF THE 6TH
Houston 1837 BBC batting - Pitching for Brooklyn Dodgers : LHP Markus Widner
Batting: SHB Francisco Enríquez 0-0: Ball
1-0: Fly out, F7 (Flyball, 7, EV 88.1 MPH)
Batting: RHB Krystof Melichar 0-0: Ground out 6-3 (Groundball, 6M, EV 97.5 MPH)
Batting: RHB Adam Smith 0-0: Ball
1-0: Swinging Strike
1-1: Foul Ball, location: 2F
1-2: SINGLE (Line Drive, 9S, EV 107.5 MPH)
Batting: LHB Javier Seco 0-0: Ball
1-0: Ball
Adam Smith is caught stealing 2nd base 2-6
Bottom of the 6th over - 0 runs, 1 hit, 0 errors, 0 left on base; Brooklyn 6 - Houston 1
TOP OF THE 7TH
Brooklyn Dodgers batting - Pitching for Houston 1837 BBC : RHP Millard Smith
Batting: LHB Tony Wonder 0-0: Swinging Strike
0-1: Swinging Strike
0-2: Ball
1-2: Strikes out swinging
Batting: SHB Peer van Lochem 0-0: Called Strike
0-1: Swinging Strike
0-2: Strikes out looking
Batting: RHB Carlos Muñóz 0-0: Ball
1-0: Ball
2-0: Ball
3-0: Base on Balls
Batting: LHB Hugh Hill 0-0: Called Strike
Carlos Muñóz steals 2nd base
0-1: Swinging Strike
0-2: Foul Ball, location: 2F
0-2: Ball
1-2: Ball
2-2: Fly out, F8 (Flyball, 8LD, EV 95.6 MPH)
Top of the 7th over - 0 runs, 0 hits, 0 errors, 1 left on base; Brooklyn 6 - Houston 1
BOTTOM OF THE 7TH
Houston 1837 BBC batting - Pitching for Brooklyn Dodgers : LHP Markus Widner
Batting: LHB Javier Seco 0-0: Ground out 1-3 (Groundball, 34S, EV 82.5 MPH)
Batting: RHB Joey Trifone 0-0: Foul Ball, location: 2F
0-1: Ball
1-1: Foul Ball, location: 2F
1-2: Fly out, F5 (Popup, 5F, EV 69.4 MPH)
Batting: RHB Min-gook Ch'oe 0-0: Foul Ball, location: 2F
0-1: Ball
1-1: Ball
2-1: Ground out 6-3 (Groundball, 6M, EV 99.4 MPH)
Bottom of the 7th over - 0 runs, 0 hits, 0 errors, 0 left on base; Brooklyn 6 - Houston 1
TOP OF THE 8TH
Brooklyn Dodgers batting - Pitching for Houston 1837 BBC : RHP Millard Smith
Batting: RHB Cooper Lowe 0-0: Swinging Strike
0-1: Called Strike
0-2: Foul Ball, location: 2F
0-2: Ball
1-2: Foul Ball, location: 2F
1-2: Foul Ball, location: 2F
1-2: Ball
2-2: Strikes out looking
Batting: RHB Olaf Esveld 0-0: Called Strike
0-1: Ball
1-1: Ball
2-1: Fly out, F9 (Flyball, 9S, EV 82.5 MPH)
Batting: LHB Count Dante 0-0: Ball
1-0: Ball
2-0: Ball
3-0: Called Strike
3-1: Called Strike
3-2: Strikes out swinging
Top of the 8th over - 0 runs, 0 hits, 0 errors, 0 left on base; Brooklyn 6 - Houston 1
BOTTOM OF THE 8TH
Houston 1837 BBC batting - Pitching for Brooklyn Dodgers : LHP Markus Widner
Batting: SHB José Pinto 0-0: Ball
1-0: Foul Ball, location: 2F
1-1: Swinging Strike
1-2: Strikes out swinging
Batting: RHB Jesús Recesvinto 0-0: Swinging Strike
0-1: Fly out, F9 (Flyball, 9D, EV 85.0 MPH)
Batting: LHB Bill Dixon 0-0: Ball
1-0: Called Strike
1-1: Ball
2-1: Ball
3-1: Called Strike
3-2: Foul Ball, location: 2F
3-2: Foul Ball, location: 2F
3-2: Strikes out looking
Bottom of the 8th over - 0 runs, 0 hits, 0 errors, 0 left on base; Brooklyn 6 - Houston 1
TOP OF THE 9TH
Brooklyn Dodgers batting - Pitching for Houston 1837 BBC : RHP Millard Smith
Pitching: LHP Gil Herrera
Batting: RHB Bill Chaundler 0-0: Called Strike
0-1: Fly out, F9 (Flyball, 9, EV 80.0 MPH)
Batting: LHB Aaron Day 0-0: Ball
1-0: Called Strike
1-1: DOUBLE (Groundball, 3L, EV 101.9 MPH)
Batting: LHB Tony Wonder 0-0: Ball
1-0: Fly out, F6 (Popup, 6M, EV 72.5 MPH)
Batting: SHB Peer van Lochem 0-0: SINGLE (Groundball, 4MD, EV 96.9 MPH)
Aaron Day to third
Batting: RHB Carlos Muñóz 0-0: Ball
1-0: Called Strike
1-1: Ball
2-1: Ball
3-1: Base on Balls
Peer van Lochem to second
Batting: LHB Hugh Hill 0-0: Called Strike
0-1: Fly out, F6 (Flyball, 6D, EV 85.0 MPH)
Top of the 9th over - 0 runs, 2 hits, 0 errors, 3 left on base; Brooklyn 6 - Houston 1
BOTTOM OF THE 9TH
Houston 1837 BBC batting - Pitching for Brooklyn Dodgers : LHP Markus Widner
Batting: SHB Francisco Enríquez 0-0: Ball
1-0: Ground out 3-1 (Groundball, 34, EV 100.0 MPH)
Batting: RHB Krystof Melichar 0-0: TRIPLE (Line Drive, 78XD, EV 108.1 MPH)
Batting: RHB Adam Smith 0-0: Foul Ball, location: 2F
0-1: Ground out 3-1 (Groundball, 34S, EV 91.2 MPH)
Krystof Melichar scores
Batting: LHB Javier Seco 0-0: Fly out, F7 (Flyball, 7LM, EV 93.8 MPH)
Bottom of the 9th over - 1 run, 1 hit, 0 errors, 0 left on base; Brooklyn 6 - Houston 2
Friday, April 17th, 2020 - OOTP Baseball 20.8 Build 74